 Dungeon Crawl Stone Soup version bcrawl-1.13.1-9-ga81ed0b431 (webtiles) character file.

Game seed: 16721865894789471940

580 Revguard the Ducker (level 7, 0/58 HPs)
             Began as a Black Draconian Archaeologist on Aug 8, 2019.
             Slain by an orc wizard
             ... wielding a +0 mace
              (2 damage)
             ... on level 4 of the Dungeon.
             The game lasted 00:14:16 (4985 turns).

Revguard the Ducker (Black Draconian Archaeologist) Turns: 4985, Time: 00:14:17

Health: 0/58       AC: 12    Str: 13      XL:     7   Next: 13%
Magic:  8/8        EV: 13    Int: 12 (15) God:
Gold:   135        SH:  0    Dex:  8 (11) Spells: 5/6 levels left

rFire    . . .     SeeInvis .   w - +0 flail
rCold    . . .     Gourm    .   (no shield)
rNeg     . . .     Faith    +   (armour unavailable)
rPois    .         Spirit   .   b - +1 hat
rElec    +         Reflect  .   (no cloak)
rCorr    .         Harm     .   u - +2 pair of gloves
MR       .....                  c - +1 pair of boots
Stlth    ++........             r - amulet of faith
HPRegen  0.19/turn              (no ring)
MPRegen  0.11/turn              (no ring)

@: short of breath, studying Bows
A: breathe lightning, unfitting armour, screaming 1, electricity resistance,
wild magic 1, cold-blooded, AC +6
a: Breathe Lightning


You were on level 4 of the Dungeon.
You were not hungry.

You visited 1 branch of the dungeon, and saw 4 of its levels.

You collected 135 gold pieces.

Inventory:

Hand Weapons
 a - a +0 whip
 h - a +1 mace
 w - a +0 flail (weapon)
Missiles
 t - 209 arrows
Armour
 b - a +1 hat (worn)
 c - a +1 pair of boots (worn)
 u - a +2 pair of gloves (worn)
Jewellery
 r - an amulet of faith (around neck)
Wands
 q - a wand of acid (12)
Scrolls
 g - 5 scrolls of teleportation
 i - a scroll of blinking
 k - 4 scrolls of remove curse
 m - a scroll of identify
 o - 2 scrolls of immolation
 p - a scroll of magic mapping {unknown}
Potions
 j - 3 potions of brilliance
 l - 4 potions of lignification
 n - 2 potions of curing
Books
 d - a manual of Bows
Miscellaneous
 e - an ancient crate
Comestibles
 f - 2 rations {!d}


   Skills:
 * Level 3.8 Fighting
 + Level 4.0 Maces & Flails
 * Level 3.3 Bows
 + Level 4.2 Dodging
 - Level 3.0 Stealth
 - Level 0.1 Spellcasting
 - Level 0.1 Charms
 * Level 2.5 Evocations


You had 5 spell levels left.
You knew the following spells:

 Your Spells              Type           Power        Failure   Level  Hunger
a - Infusion              Chrm           #.......     38%         1    ##.....

Your spell library contained the following spells:

 Spells                   Type           Power        Failure   Level  Hunger


Dungeon Overview and Level Annotations

Branches:
Dungeon (4/12)
 Temple: D:4-7

Altars:
Elyvilon
Kikubaaqudgha
Sif Muna
Vehumet


Innate Abilities, Weirdness & Mutations

You can breathe wild blasts of lightning.
Your glossy black scales are hard. (AC +6)
You cannot fit into any form of body armour.
You are resistant to electric shocks. (rElec)
You are cold-blooded and may be slowed by cold attacks.
You occasionally shout uncontrollably at your foes.
Your spells are a little harder to cast, but a little more powerful.


Message History

* * * LOW HITPOINT WARNING * * *
The orc throws a stone.
The stone hits you but does no damage.
You closely miss something. Something barely misses you.
The orc throws a stone.
The stone hits you but does no damage.
You miss something. Something hits you but does no damage.
The orc throws a stone.
The stone hits you but does no damage.
You closely miss something.
You have got your breath back.
Something hits you.
* * * LOW HITPOINT WARNING * * *
The orc throws a stone.
The stone misses you.
You breathe a wild blast of lightning!
The orb of electricity explodes! x2
You feel somewhat more hungry. Something hits you but does no damage.
You barely miss something.
Your tail-slap misses something.
Something hits you but does no damage.
Really read the scroll of immolation?
As you read the scroll of immolation, it crumbles to dust.
The creatures around you are filled with an inner flame!
Something hits you.
You die...

#.......##....>....
#.......#.........#
#.......#.........#
#.......#.........#
#.......#.........#
#.......#..........
#.......#.........#
#..o.o..#..........
##@#...#......#<##.
#{#.#.#.###..#####
#o....#...#.......
##....###.#.######
#....'.......#
##....##......####
#..........#.....#
#.......#....###.#
#.......#####.....


You could see an orc priest (inner flame) and 2 orcs.

Vanquished Creatures
  A howler monkey (D:4)
  4 crimson imps (D:4)
  A hound (D:4)
  An orc wizard (D:2)
  Ijyb (D:3)
  Natasha (twice) (D:3)
  3 worker ants
  Robin (D:3)
  4 adders (D:3)
  An ooze (D:3)
  2 dart slugs
  7 worms
  4 leopard geckos
  17 orcs
  4 giant cockroaches
  10 goblins
  6 hobgoblins
  16 jackals
  8 kobolds
  3 quokkas
  5 bats
  3 frilled lizards
  4 rats
108 creatures vanquished.

Vanquished Creatures (others)
  An orc wizard (D:2)
  A quokka (D:3)
2 creatures vanquished.

Grand Total: 110 creatures vanquished

Notes
Turn   | Place    | Note
-------+----------+-------------------------------------------
     0 | D:1      | Revguard the Draconian Archaeologist began the quest for
                  | the Orb.
     0 | D:1      | Reached XP level 1. HP: 16/16 MP: 1/1
   722 | D:1      | Reached XP level 2. HP: 23/23 MP: 2/2
  1320 | D:2      | Reached XP level 3. HP: 24/29 MP: 3/3
  1375 | D:2      | Reached skill level 1 in Evocations
  1757 | D:2      | Reached XP level 4. HP: 18/36 MP: 4/4
  2041 | D:2      | Reached skill level 1 in Bows
  2407 | D:3      | Found a deep blue altar of Sif Muna.
  2407 | D:3      | Found an ancient bone altar of Kikubaaqudgha.
  2409 | D:3      | Found a radiant altar of Vehumet.
  2423 | D:3      | Identified Sif Muna's Guide on Enhancements
  2427 | D:3      | Learned a level 1 spell: Infusion
  2882 | D:3      | Noticed Ijyb
  2883 | D:3      | Noticed Robin
  2982 | D:3      | Killed Ijyb
  2982 | D:3      | Reached XP level 5. HP: 33/42 MP: 6/6
  3090 | D:3      | Found a white marble altar of Elyvilon.
  3346 | D:3      | Killed Robin
  3838 | D:4      | Noticed Natasha
  3862 | D:4      | Reached XP level 6. HP: 41/51 MP: 4/7
  3876 | D:3      | Killed Natasha
  3977 | D:3      | Noticed Natasha
  3990 | D:3      | Killed Natasha
  4287 | D:4      | Gained mutation: You occasionally shout uncontrollably at
                  | your foes. [potion of mutation]
  4287 | D:4      | Gained mutation: Your spells are a little harder to cast,
                  | but a little more powerful. [potion of mutation]
  4675 | D:4      | Your scales start taking on a glossy black colour.
  4675 | D:4      | Reached XP level 7. HP: 53/58 MP: 8/8
  4675 | D:4      | Gained mutation: You are resistant to electric shocks.
                  | (rElec) [Black Draconian growth]
  4982 | D:4      | HP: 1/58 [something (4)]
  4985 | D:4      | Slain by an orc wizard

Skill      XL: |  1  2  3  4  5  6  7 |
---------------+----------------------+-----
Dodging        | 3 4 |  4.2
Evocations     | 1 2 |  2.5
Fighting       | 2 3 |  3.8
Bows           | 1 2 3 |  3.3
Maces & Flails | 2 3 4 |  4.0
Stealth        | |  3.0
Spellcasting   | |  0.1
Charms         | |  0.1

Action                   |  1- 3 |  4- 6 |  7- 9 || total
-------------------------+-------+-------+-------++-------
Melee: Mace              |   109 |   208 |       ||   317
       Tailslap          |    14 |    38 |     5 ||    57
       Whip              |     4 |       |       ||     4
       Unarmed           |       |    18 |       ||    18
       Flail             |       |   193 |    65 ||   258
 Cast: Infusion          |       |    13 |       ||    13
 Abil: Breathe Lightning |       |       |     3 ||     3
  Use: Scroll            |       |    11 |     1 ||    12
       Potion            |       |     6 |     1 ||     7
 Stab: Sleeping          |     4 |     1 |       ||     5
  Eat: Chunk             |     3 |    10 |       ||    13
       Ration            |       |       |     1 ||     1
Armor: Skin              |    49 |   224 |    35 ||   308
Dodge: Dodged            |    77 |   424 |    48 ||   549
